 Dungeon Crawl Stone Soup version 0.22.1-1-ga44c0e56f4 (webtiles) character file.

153 Gargoyl the Skirmisher (level 5, -11/46 HPs)
             Began as a Centaur Abyssal Knight on Oct 25, 2018.
             Was a Believer of Lugonu.
             Mangled by Crazy Yiuf
             ... wielding a +2 quarterstaff of chaos
              (19 damage)
             ... on level 3 of the Dungeon.
             The game lasted 00:05:11 (3263 turns).

Gargoyl the Skirmisher (Centaur Abyssal Knight)     Turns: 3263, Time: 00:05:12

Health: -11/46     AC:  9    Str: 14    XL:     5   Next: 12%
Magic:  7/7        EV:  9    Int: 11    God:    Lugonu [**....]
Gold:   152        SH:  0    Dex: 15    Spells: 4/4 levels left

rFire    . . .     SeeInvis .   a - +1 hand axe
rCold    . . .     Gourm    .   (no shield)
rNeg     . . .     Faith    .   d - +0 chain mail
rPois    .         Spirit   .   f - +0 helmet
rElec    .         Reflect  .   (no cloak)
rCorr    .         Harm     .   (no gloves)
MR       .....                  (no barding)
Stlth    ..........             (no amulet)
HPRegen  0.15/turn              (no ring)
MPRegen  0.10/turn              (no ring)

@: agile, slowed
A: large, hooves 3, deformed body, speed 2, tough skin 3
a: Depart the Abyss, Bend Space, Renounce Religion


You were on level 3 of the Dungeon.
You worshipped Lugonu.
Lugonu was pleased with you.
You were hungry.

You visited 1 branch of the dungeon, and saw 3 of its levels.
You visited the Abyss 1 time.

You collected 152 gold pieces.

Inventory:

Hand Weapons
 a - a +1 hand axe (weapon)
Armour
 d - a +0 chain mail (worn)
 f - a +0 helmet (worn)
Scrolls
 b - 2 scrolls of magic mapping
 j - a scroll of teleportation
 l - a scroll of fog {unknown}
Potions
 e - a potion of brilliance
 g - 2 potions of curing
 i - a potion of might {unknown}
 k - a potion of mutation {unknown}
Comestibles
 c - 4 rations


   Skills:
 + Level 3.7 Fighting
 + Level 2.7 Axes
 * Level 2.7 Armour
 + Level 0.8 Dodging
 * Level 2.7 Invocations


You had 4 spell levels left.
You didn't know any spells.
Your spell library was empty.

Dungeon Overview and Level Annotations

Branches:
Dungeon (3/15)

Altars:
Makhleb

Annotations:
D:3 Crazy Yiuf


Innate Abilities, Weirdness & Mutations

You have hooves in place of feet.
Armour fits poorly on your strangely shaped body.
You cover ground very quickly.
You have extremely tough skin. (AC +3)


Message History

Crazy Yiuf completely misses you.
You hit Crazy Yiuf.
Crazy Yiuf is heavily wounded.
Crazy Yiuf completely misses you.
You hit Crazy Yiuf.
Crazy Yiuf is severely wounded.
Crazy Yiuf hits you with a quarterstaff of chaos!
You feel yourself slow down.
You hit Crazy Yiuf but do no damage.
Crazy Yiuf is severely wounded.
Crazy Yiuf hits you with a quarterstaff of chaos!
Crazy Yiuf yells, "Cards!
Earwax sizzlefizz poople."
Crazy Yiuf hits you with a quarterstaff of chaos.
Crazy Yiuf burns you.
You hit Crazy Yiuf.
Crazy Yiuf is almost dead.
Crazy Yiuf hits you with a quarterstaff of chaos.
* * * LOW HITPOINT WARNING * * *
Space warps horribly around you!
You die...

#.# #.# ##.#.#
#.#####..######
###.###.####.#.####.#
#..#
#...................#
#..#
#.#....##############
#.## #.##.#[# ###.#
#.#.#..##♣♣♣♣♣ #...#
#### ..........)♣)♣♣♣
#### ##### #...
#..###.....)♣))♣#)))#
#.##
#....^.....♣♣♣♣)@g).#
#.# #...##....♣♣
♣♣#)))# #>#
#...#####♣♣ #### #.#
....# #.# ###.# #.# #
#.# ####### ### #.#
###.# #.....# #.# #.#
....#######.....##
#.# #.#
##...............#
#.# #.##


You could see Crazy Yiuf.

Vanquished Creatures
  A crimson imp (D:2)
  A jelly (D:2)
  3 adders
  2 worms (D:2)
  3 leopard geckos
  An orc (D:3)
  3 giant cockroaches
  11 goblins
  4 hobgoblins
  3 quokkas
  2 ball pythons
  7 bats
  2 frilled lizards
  5 kobolds
  5 rats
53 creatures vanquished.

Notes
Turn   | Place    | Note
-------+----------+-------------------------------------------
     0 | Abyss:1  | Gargoyl the Centaur Abyssal Knight began the quest for the
                  | Orb.
     0 | Abyss:1  | Reached XP level 1. HP: 19/19 MP: 2/2
     0 | Abyss:1  | Found a corrupted altar of Lugonu.
    71 | Abyss:2  | Found a corrupted altar of Lugonu.
    97 | Abyss:2  | Noticed a ynoxinul
   111 | Abyss:2  | Found a corrupted altar of Lugonu.
   140 | Abyss:2  | Noticed an ancient zyme
   152 | Abyss:2  | Noticed a large abomination
   182 | Abyss:2  | Noticed a ynoxinul
   182 | Abyss:2  | Noticed a jelly
   199 | Abyss:3  | Noticed an orange demon
   203 | Abyss:4  | Noticed a cherub
   203 | Abyss:4  | Noticed a cherub
   204 | D:1      | Escaped the Abyss
   373 | D:1      | Reached XP level 2. HP: 21/26 MP: 3/3
   482 | D:1      | Reached * piety under Lugonu
  1035 | D:2      | Reached XP level 3. HP: 6/31 MP: 4/4
  1296 | D:2      | Found a faded altar of an unknown god.
  1803 | D:2      | Reached XP level 4. HP: 11/39 MP: 5/5
  2085 | D:2      | Found a burning altar of Makhleb.
  2698 | D:3      | Reached XP level 5. HP: 46/46 MP: 6/6
  2734 | D:3      | Reached ** piety under Lugonu
  3128 | D:3      | Found a runed door.
  3251 | D:3      | Noticed Crazy Yiuf
  3255 | D:3      | Paralysed by Crazy Yiuf for 2 turns
  3263 | D:3      | Mangled by Crazy Yiuf

Skill      XL: |  1  2 |
---------------+-------+-----
Axes           | 2 |  2.7
Armour         | 2 |  2.7
Fighting       | |  3.7
Dodging        | |  0.8
Invocations    | |  2.7

Action                   |  1- 3 |  4- 6 || total
-------------------------+-------+-------++-------
Melee: Hand axe          |   116 |    57 ||   173
       Kick              |    19 |    10 ||    29
Invok: Depart the Abyss  |     1 |       ||     1
  Use: Scroll            |     6 |       ||     6
       Potion            |     1 |     2 ||     3
  Eat: Chunk             |     1 |     4 ||     5
Armor: Chain mail        |   110 |    28 ||   138
Dodge: Dodged            |    33 |    16 ||    49
